 Dungeon Crawl Stone Soup version 0.31-a0-246-g8cbcc1cb85 (webtiles) character file.

Game seed: 16519245026429134293

373 qw the Shooter (level 6, -3/38 HPs)
             Began as a Gargoyle Hexslinger on July 12, 2023.
             Slain by a guardian serpent (shapeshifter) (22 damage)
             ... on level 4 of the Dungeon.
             The game lasted 00:01:09 (2520 turns).

qw the Shooter (Gargoyle Hexslinger)                Turns: 2520, Time: 00:01:10

Health: -3/38      AC:  7    Str: 11    XL:     6   Next: 71%
Magic:  7/7        EV: 11    Int: 14    God:
Gold:   31         SH:  0    Dex: 14    Spells: 6/7 levels left

rFire   . . .        Y - +0 orcbow (chaos)
rCold   . . .        (shield currently unavailable)
rNeg    + . .        a - +0 leather armour
rPois   inf          (no helmet)
rElec   +            (no cloak)
rCorr   .            (no gloves)
SInv    .            (no boots)
Will    .....        (no amulet)
Stlth   +            (no ring)
HPRegen 0.26/turn    (no ring)
MPRegen 0.10/turn

%: no passive effects
@: no status effects
A: sickness immunity, AC +4, negative energy resistance 1, electricity
resistance, torment resistance 1, petrification resistance
a: no special abilities


You were on level 4 of the Dungeon.
You visited 2 branches of the dungeon, and saw 5 of its levels.

You collected 141 gold pieces.
You spent 110 gold pieces at shops.


Innate Abilities, Weirdness & Mutations

You are immune to sickness and miasma.
Your stone body is resilient. (AC +4)
You are immune to poison.
You resist negative energy. (rN+)
You are resistant to electric shocks. (rElec)
You are resistant to unholy torment.
You are immune to petrification.


   Skills:
 - Level 4.0 Fighting
 + Level 5.8 Ranged Weapons
 - Level 1.5 Dodging
 - Level 1.0 Spellcasting
 - Level 2.6 Hexes


You had 6 spell levels left.
You knew the following spells:

 Your Spells              Type           Power      Damage    Failure   Level
a - Slow                  Hex            32%        N/A       12%         1

Your spell library contained the following spells:

 Spells                   Type           Power      Damage    Failure   Level
 Inner Flame              Hex/Fire       4%         N/A       52%         3
 Portal Projectile        Hex/Tloc       8%         N/A       52%         3
 Cause Fear               Hex            4%         N/A       75%         4

Inventory:

Hand Weapons
 Y - a +0 orcbow of chaos (weapon)
Armour
 a - a +0 leather armour (worn)
Scrolls
 b - a scroll of immolation {unknown}
 g - a scroll of identify
 i - 2 scrolls of teleportation
Potions
 c - a potion of curing {unknown}
 f - 3 potions of enlightenment
 h - a potion of heal wounds

Dungeon Overview and Level Annotations

Branches:
Dungeon (4/15)             Temple (1/1) D:4

Altars:
Elyvilon
Fedhas
Gozag
Hepliaklqana
Kikubaaqudgha
Nemelex Xobeh
Qazlal
Ru
Vehumet
Xom
Yredelemnul
The Shining One

Shops:
D:3 ?


Message History

A kobold comes into view. It is wielding a +0 club.
The yak blinks!
Enter note:
Enter note:
Enter note:
Enter note:
Enter note:
Enter note: You shoot an arrow.
The arrow hits the kobold.
The kobold is poisoned.
The kobold shouts!
The kobold is moderately wounded.
You shoot an arrow.
The arrow hits the kobold but does no damage.
The kobold is severely wounded.
You shoot an arrow. The arrow closely misses the kobold.
You kill the kobold!
A guardian serpent comes into view.
Enter note:
Enter note:
Enter note:
Enter note:
Enter note:
Enter note: You shoot an arrow.
The arrow closely misses the guardian serpent.
You shoot an arrow.
The arrow closely misses the guardian serpent.
You shoot an arrow. The arrow hits the guardian serpent.
The guardian serpent is lightly wounded.
You shoot an arrow.
The arrow barely misses the guardian serpent.
The guardian serpent barely misses you. x2
You shoot an arrow.
The arrow hits the guardian serpent but does no damage.
The guardian serpent is lightly wounded.
The guardian serpent hits you!!
Ouch! That really hurt!
The guardian serpent hits you!!
Ouch! That really hurt!
You die...

. .... .. ##..#.#
..... ..####...#.##
..... ...#........###
##.....
..............#
........
#.............#
..<.....##............
......#..#.........#
....###..#..#...@..#
.....# #..)....S.###
.##.## #.........###
###..###...........#
.#.....#.......#.###
.##.^.....#....###
..##......###.##
...........####
.####....###


You could see a guardian serpent.

Vanquished Creatures
  A black bear (D:4)
  2 scorpions (D:4)
  An orc priest (D:3)
  5 adders
  4 worms
  5 orcs (D:3)
  6 endoplasms
  4 giant cockroaches
  7 goblins
  7 hobgoblins
  6 jackals
  6 kobolds
  2 quokkas (D:2)
  3 ball pythons
  6 bats
  6 frilled lizards
  3 rats (D:3)
74 creatures vanquished.

Vanquished Creatures (others)
  A rat zombie (D:3)
1 creature vanquished.

Grand Total: 75 creatures vanquished

Notes
Turn   | Place    | Note
-------+----------+-------------------------------------------
     0 | D:1      | qw the Gargoyle Hexslinger began the quest for the Orb.
     0 | D:1      | Reached XP level 1. HP: 12/12 MP: 2/2
     0 | D:1      | 0 ||| qw: Version: 0.3-a-52-g30416fa
     0 | D:1      | 0 ||| qw: Game counter: 6544
     0 | D:1      | 0 ||| qw: Melee chars always use a shield: true
     0 | D:1      | 0 ||| qw: God list: Okawaru
     0 | D:1      | 0 ||| qw: Allow faded altars: false
     0 | D:1      | 0 ||| qw: Do Orc after clearing Dungeon:15 true
     0 | D:1      | 0 ||| qw: Do second Lair branch before Depths: true
     0 | D:1      | 0 ||| qw: Lair rune preference: random
     0 | D:1      | 0 ||| qw: Goals: Normal
     0 | D:1      | 0 ||| PLANNING D:1-11
   330 | D:1      | Reached XP level 2. HP: 16/16 MP: 3/3
   618 | D:1      | 618 ||| READING scroll labelled PIUN WOIHAU.
   619 | D:1      | 619 ||| DROPPING scroll of poison.
   635 | D:2      | 635 ||| STAIRDANCE
   643 | D:1      | Reached skill level 3 in Ranged Weapons
   726 | D:2      | Reached XP level 3. HP: 21/21 MP: 4/4
   904 | D:2      | 904 ||| SWAPPING to +0 orcbow.
   905 | D:2      | 905 ||| DROPPING +1 sling.
  1050 | D:2      | Reached XP level 4. HP: 26/26 MP: 5/5
  1375 | D:2      | Reached skill level 4 in Ranged Weapons
  1386 | D:2      | 1386 ||| UPGRADING to +0 leather armour.
  1396 | D:2      | 1396 ||| DROPPING +0 robe.
  1397 | D:2      | 1397 ||| READING 3 scrolls labelled UNWIGA YXAIMUKK.
  1398 | D:2      | 1398 ||| READING scroll labelled WUFRAI OFECUP.
  1399 | D:2      | 1399 ||| READING scroll labelled ZEREYS BONILLEYNE.
  1400 | D:2      | 1400 ||| DRINKING 2 red potions.
  1401 | D:2      | 1401 ||| READING 2 scrolls of identify.
  1401 | D:2      | 1401 ||| IDENTIFYING fuming sapphire potion
  1402 | D:2      | 1402 ||| DROPPING potion of invisibility.
  1529 | D:3      | 1529 ||| FLEEEEING.
  1530 | D:3      | 1530 ||| FLEEEEING.
  1538 | D:3      | 1538 ||| STAIRDANCE
  1740 | D:3      | Reached XP level 5. HP: 23/30 MP: 6/6
  1881 | D:3      | Found Famanon's Magic Scroll Boutique.
  1891 | D:3      | 1891 ||| BUYING scroll of identify (22 gold).
  1891 | D:3      | Bought a scroll of identify for 22 gold pieces
  1891 | D:3      | 1891 ||| BUYING scroll of identify (22 gold).
  1891 | D:3      | Bought a scroll of identify for 22 gold pieces
  1891 | D:3      | 1891 ||| BUYING scroll of teleportation (33 gold).
  1891 | D:3      | Bought a scroll of teleportation for 33 gold pieces
  1891 | D:3      | 1891 ||| BUYING scroll of teleportation (33 gold).
  1891 | D:3      | Bought a scroll of teleportation for 33 gold pieces
  1933 | D:3      | Reached skill level 5 in Ranged Weapons
  2196 | D:3      | 2196 ||| READING scroll labelled WIKHLO JUTALEMO.
  2197 | D:3      | 2197 ||| DRINKING 2 golden potions.
  2198 | D:3      | 2198 ||| DRINKING 2 blue potions.
  2199 | D:3      | 2199 ||| READING 3 scrolls of identify.
  2199 | D:3      | 2199 ||| IDENTIFYING bubbling yellow potion
  2200 | D:3      | 2200 ||| READING 2 scrolls of identify.
  2200 | D:3      | 2200 ||| IDENTIFYING yellow potion
  2201 | D:3      | 2201 ||| DROPPING potion of magic.
  2202 | D:3      | 2202 ||| DROPPING potion of attraction.
  2203 | D:3      | 2203 ||| DROPPING potion of degeneration.
  2260 | D:4      | Found a staircase to the Ecumenical Temple.
  2261 | D:4      | 2261 ||| PLANNING TEMPLE
  2266 | D:4      | Noticed a black bear
  2268 | D:4      | Killed a black bear
  2269 | D:4      | Reached XP level 6. HP: 38/38 MP: 7/7
  2278 | Temple   | Entered the Ecumenical Temple
  2350 | Temple   | 2350 ||| PLANNING D:1-11
  2500 | D:4      | a jelly changed into a shapeshifter
  2500 | D:4      | Noticed a shapeshifter (shapeshifter)
  2500 | D:4      | a shapeshifter changed into a yak
  2500 | D:4      | Noticed a yak (shapeshifter)
  2515 | D:4      | Noticed a guardian serpent
  2520 | D:4      | Slain by a guardian serpent (shapeshifter)

Levels and vault maps discovered:
D:1:      dpeg_arrival_boxes_within_box, layout_basic, nicolae_titane
D:2:      layout_basic, st_stairs_3
D:3:      layout_loops_ring, serial_shops, shop
D:4:      layout_cave_pools, minmay_temple_entry_slanted,
          dreamdust_princess_bridge, chequers_serial_rivers_large_b
Temple:   nicolae_temple_hex_pool

Skill      XL: |  1  2  3  4  5 |
---------------+----------------+-----
Ranged Weapons | 3 4 5 |  5.8
Fighting       | 2 4 |  4.0
Dodging        | |  1.5
Spellcasting   | |  1.0
Hexes          | |  2.6

Action                     |  1- 3 |  4- 6 || total
---------------------------+-------+-------++-------
   Fire: Sling             |    70 |       ||    70
         Orcbow            |    22 |   156 ||   178
    Use: Scroll            |     1 |     7 ||     8
         Potion            |       |     3 ||     3
 Armour: Robe              |    15 |     4 ||    19
         Leather armour    |       |    18 ||    18
  Dodge: Dodged            |    40 |    50 ||    90

Table legend:
 A = Non-vault XP
 B = Vault XP
 C = Vault XP percentage of total XP
 D = Non-vault monster count
 E = Vault monster count
 F = Vault count percentage of total count
                 A         B        C        D         E       F
            +---------+---------+-------+---------+---------+-------
      Total |     518 |      15 |   2.8 |      72 |       2 |   2.7
            +---------+---------+-------+---------+---------+-------
        D:1 |      10 |      13 |  56.5 |       7 |       1 |  12.5
        D:2 |      80 |       2 |   2.4 |      27 |       1 |   3.6
        D:3 |     120 |       0 |   0.0 |      28 |       0 |   0.0
        D:4 |     308 |       0 |   0.0 |      10 |       0 |   0.0
            +---------+---------+-------+---------+---------+-------
